 Dungeon Crawl Stone Soup version 0.20-a0-1062-g7b787ac (webtiles) character file.

21 Gorglomux the Chopper (level 2, -16/26 HPs)
             Began as a Hill Orc Monk on Apr 27, 2017.
             Demolished by a kobold
             ... wielding a +2 whip of electrocution
              (18 damage)
             ... on level 1 of the Dungeon.
             The game lasted 00:00:30 (262 turns).

Gorglomux the Chopper (Hill Orc Monk)                Turns: 262, Time: 00:00:31

Health: -16/26     AC:  2    Str: 13    XL:     2   Next: 83%
Magic:  2/2        EV: 13    Int: 10    God:
Gold:   30         SH:  0    Dex: 15    Spells: 1/1 levels left

rFire    . . .     SeeInvis .   a - +0 hand axe
rCold    . . .     Gourm    .   (no shield)
rNeg     . . .     Faith    .   b - +0 robe
rPois    .         Spirit   .   (no helmet)
rElec    .         Reflect  .   (no cloak)
rCorr    .         Harm     .   (no gloves)
MR       .....                  (no boots)
Stlth    ++........             (no amulet)
Regen    0.1/turn               h - +2 ring of dexterity
MPRegen  0.1/turn               (no ring)

@: no status effects
A: no striking features
a: no special abilities


You were on level 1 of the Dungeon.
You were not hungry.

You visited 1 branch of the dungeon, and saw 1 of its levels.

You collected 30 gold pieces.

Inventory:

Hand Weapons
 a - a +0 hand axe (weapon)
Armour
 b - a +0 robe (worn)
Jewellery
 h - a +2 ring of dexterity (left hand)
   (You found it on level 1 of the Dungeon)
Scrolls
 e - 2 scrolls of teleportation {unknown}
 f - a scroll of fear {unknown}
 g - a scroll of amnesia {unknown}
 i - a scroll of enchant armour {unknown}
Comestibles
 c - 2 bread rations {@e1@e1}
 d - a chunk of flesh {@w0@w0}


   Skills:
 - Level 3.6 Fighting
 + Level 5.3 Axes
 - Level 2.4 Dodging
 - Level 1.5 Stealth


You had one spell level left.
You didn't know any spells.

Dungeon Overview and Level Annotations

Branches:
Dungeon (1/15)

Altars:


Message History

Unknown command.
No target in view!
Found a stone staircase leading down.
Unknown command.
A jackal comes into view.
The jackal barks!
You see here a scroll labeled ALIAXU ADWAUL. 2 jackals come into view.
The jackal barks!
A jackal and a kobold come into view.
The kobold is wielding a whip of electrocution.
Unknown command.
A jackal and a giant cockroach come into view.
There are monsters nearby!
The kobold shouts!
The jackal barks! x2
You hit the jackal. The jackal bites you.
The jackal bites you but does no damage.
A jackal comes into view.
There are monsters nearby!
You take 1 damage, and have 25/26 hp.
You barely miss the jackal. The jackal misses you.
There are monsters nearby!
The jackal barks!
You hit the jackal. You closely miss the jackal. The jackal bites you.
The jackal barely misses you.
You take 2 damage, and have 23/26 hp.
You closely miss the jackal. You barely miss the jackal. x2
The jackal closely misses you. The jackal bites you. x3
The jackal bites you but does no damage.
You take 5 damage, and have 18/26 hp.
Put on which piece of jewellery? (? for menu, Esc to quit)
You feel agile.
h - a +2 ring of dexterity (left hand)
The jackal bites you.
You take 1 damage, and have 17/26 hp.
The jackal bites you.
You take 1 damage, and have 16/26 hp.
You closely miss the jackal. You hit the jackal.
You kill the jackal!
Your Axes skill increases to level 5!
The jackal bites you but does no damage.
Some of the chunks of flesh in your inventory have rotted away.
You closely miss the jackal.
You hit the giant cockroach but do no damage.
You hit the jackal.
The jackal bites you but does no damage.
The jackal bites you. The giant cockroach barely misses you.
The jackal closely misses you. The jackal closely misses you.
The giant cockroach barely misses you.
You barely miss the jackal. You closely miss the giant cockroach.
You hit the jackal.
You kill the jackal!
The jackal bites you but does no damage.
The giant cockroach bites you but does no damage.
You hit the jackal. x2
You completely miss the giant cockroach.
The jackal barely misses you. The giant cockroach barely misses you.
The jackal bites you. The jackal barely misses you.
The giant cockroach misses you.
You take 2 damage, and have 14/26 hp.
You hit the jackal but do no damage. You hit the giant cockroach.
You barely miss the jackal. The jackal misses you. x2
The giant cockroach barely misses you.
The jackal bites you but does no damage.
You hit the jackal but do no damage. You barely miss the jackal.
You hit the giant cockroach.
You kill the giant cockroach!
The jackal misses you. The jackal closely misses you. The jackal bites you.
The jackal closely misses you.
You take 1 damage, and have 13/26 hp.
You hit the jackal. You completely miss the jackal. You hit the jackal.
You kill the jackal!
The jackal bites you. The jackal completely misses you.
The jackal barely misses you.
You take 1 damage, and have 12/26 hp.
You hit the jackal.
You kill the jackal!
You closely miss the jackal. You miss the kobold.
The kobold closely misses you. The jackal bites you.
You take 1 damage, and have 11/26 hp.
The kobold barely misses you. The jackal closely misses you.
You see here a jackal corpse.
You hit the kobold but do no damage. You barely miss the jackal.
The jackal bites you. The kobold misses you. The jackal barely misses you.
You take 2 damage, and have 9/26 hp.
You closely miss the kobold. You closely miss the jackal.
The kobold hits you with a whip of electrocution.
* * * LOW HITPOINT WARNING * * *
The jackal barely misses you.
You take 6 damage, and have 3/26 hp.
MASSIVE DAMAGE!!
You barely miss the kobold. You hit the jackal.
You kill the jackal!
The kobold closely misses you.
You hit the kobold.
The kobold hits you with a whip of electrocution.
* * * LOW HITPOINT WARNING * * *
You are electrocuted!
Ouch! That really hurt!
You die...

≈≈≈≈≈≈≈≈ ≈≈≈≈≈≈ #...
....... ...... #...
...... .....( #..
#.... ...###
##..###.... #
..#.........#
.......$h#.# #
#.#.#...#K#.# #
.........@..#####...
.
#.#.#...#†#......%.>
.. #####.#.#####.##
.#. ..#.# #.#.
####.# . .. #.# #.#
#.### #(..##


You could see a jackal and a kobold.

Vanquished Creatures
  A dart slug (D:1)
  2 giant cockroaches (D:1)
  2 goblins (D:1)
  A hobgoblin (D:1)
  5 jackals (D:1)
  A ball python (D:1)
  A bat (D:1)
  2 frilled lizards (D:1)
  2 rats (D:1)
17 creatures vanquished.

Notes
Turn   | Place    | Note
-------+----------+-------------------------------------------
     0 | D:1      | Gorglomux the Hill Orc Monk began the quest for the Orb.
     0 | D:1      | Reached XP level 1. HP: 19/19 MP: 1/1
    96 | D:1      | Reached XP level 2. HP: 24/26 MP: 2/2
   249 | D:1      | Reached skill level 5 in Axes
   260 | D:1      | HP: 3/26 [kobold/whip of electrocution (6)]
   262 | D:1      | Demolished by a kobold

Vault maps used:
D:1:      dpeg_arrival_castle

Skill      XL: |  1  2 |
---------------+-------+-----
Axes           | 5 |  5.3
Fighting       | |  3.6
Dodging        | |  2.4
Stealth        | |  1.5

Action                   || total
-------------------------++-------
Melee: Hand axe          ||    44
 Stab: Sleeping          ||     1
Armor: Robe              ||    10
Dodge: Dodged            ||    45

Vault maps used:
D:1:      dpeg_arrival_castle

Table legend:
 A = Turns spent in this place as a percentage of turns spent in the entire game.
 B = Non-inter-level travel turns spent in this place as a percentage of non-inter-level travel turns spent in the entire game.
 C = Inter-level travel turns spent in this place as a percentage of turns spent in this place.
 D = Turns resting spent in this place as a percentage of non-inter-level travel turns spent in this place.
 E = Turns spent auto-exploring this place as a percentage of non-inter-level travel turns spent in this place.
 F = Non-inter-level travel turns spent in this place divided by the number of levels of this place that you've seen.
                   A       B       C       D       E      F
               +-------+-------+-------+-------+-------+----------------------
         Total | 100.0 | 100.0 |   0.0 |   0.0 |   8.5 | 164.0
       Dungeon | 100.0 | 100.0 |   0.0 |   0.0 |   8.5 | 164.0
               +-------+-------+-------+-------+-------+----------------------

Table legend:
 A = Kills in this place as a percentage of kills in entire the game.
 B = Kills by you in this place as a percentage of kills by you in the entire game.
 C = Kills by friends in this place as a percentage of kills by friends in the entire game.
 D = Other kills in this place as a percentage of other kills in the entire game.
 E = Experience gained in this place as a percentage of experience gained in the entire game.
 F = Experience gained in this place divided by the number of levels of this place that you have seen.
                   A       B       C       D       E      F
               +-------+-------+-------+-------+-------+----------------------
         Total | 100.0 | 100.0 |  -nan |  -nan | 100.0 |  30.0
       Dungeon | 100.0 | 100.0 |  -nan |  -nan | 100.0 |  30.0
               +-------+-------+-------+-------+-------+----------------------
